 Dungeon Crawl Stone Soup version 0.23-a0-639-ga9a3373 (console) character file.

27004 Duffy the Cleaver (level 13, 101/101 HPs)
             Began as a Demonspawn Fire Elementalist on Dec 29, 2018.
             Was the Champion of Cheibriados.
             Quit the game in an ice cave.
             The game lasted 00:24:52 (17683 turns).

Duffy the Cleaver (Demonspawn Fire Elementalist)   Turns: 17683, Time: 00:24:53

Health: 101/101    AC: 23    Str: 27    XL:     13   Next: 2%
Magic:  19/19      EV: 25    Int: 40    God:    Cheibriados [******]
Gold:   294        SH: 20    Dex: 28    Spells: 9/17 levels left

rFire    + . .     SeeInvis .   I - +4 broad axe (flame)
rCold    + . .     Gourm    .   A - +0 shield
rNeg     . . .     Faith    .   a - +3 gold dragon scales
rPois    +         Spirit   .   x - +1 helmet {Int+3}
rElec    .         Reflect  .   h - +0 cloak
rCorr    .         Harm     .   s - +1 pair of gloves {Str+3}
MR       +....                  (boots unavailable)
Stlth    ..........             f - amulet of the acrobat
HPRegen  0.26/turn              p - ring of protection from magic
MPRegen  0.16/turn              t - +3 ring of evasion

@: acrobat, studying Ice Magic, very slow
A: talons 3, large bone plates 2, nightstalker 2, rot immunity
a: Bend Time, Temporal Distortion, Slouch, Step From Time, Renounce Religion


You were in an ice cave.
You worshipped Cheibriados.
Cheibriados was exalted by your worship.
You were not hungry.

You visited 4 branches of the dungeon, and saw 16 of its levels.
You also visited: Ice Cave and Volcano.

You collected 1064 gold pieces.
You spent 770 gold pieces at shops.

Inventory:

Hand Weapons
 I - a +4 broad axe of flaming (weapon)
 M - a +1 war axe of freezing
Armour
 a - +3 gold dragon scales (worn)
 h - a +0 cloak (worn)
 s - a +1 pair of gloves of strength (worn)
 x - a +1 helmet of intelligence (worn)
 A - a +0 shield (worn)
Jewellery
 f - an amulet of the acrobat (around neck)
 p - a ring of protection from magic (left hand)
 q - an uncursed ring of fire
 t - a +3 ring of evasion (right hand)
 N - an uncursed ring of flight
Wands
 D - a wand of polymorph (5)
 F - a wand of iceblast (11)
Scrolls
 d - 2 scrolls of amnesia
 e - 4 scrolls of identify
 g - 4 scrolls of immolation
 r - 6 scrolls of teleportation
 u - a scroll of enchant armour
 v - 3 scrolls of fear
 w - 3 scrolls of remove curse
 z - 2 scrolls of fog
Potions
 b - a potion of lignification
 i - a potion of magic
 j - a potion of might
 k - 2 potions of flight
 l - 5 potions of curing
 m - 4 potions of brilliance
 n - 7 potions of heal wounds
 o - a potion of agility
 E - a potion of ambrosia
Books
 y - a manual of Ice Magic
Comestibles
 c - 22 rations


   Skills:
 + Level 9.0 Fighting
 + Level 10.9 Axes
 + Level 4.9 Armour
 - Level 5.0 Dodging
 - Level 1.7 Stealth
 + Level 9.8 Shields
 - Level 2.6 Spellcasting
 - Level 3.4 Conjurations
 - Level 3.2 Fire Magic
 - Level 9.0 Invocations
 - Level 6.0 Evocations


You had 9 spell levels left.
You knew the following spells:

 Your Spells              Type           Power        Failure   Level  Hunger
h - Flame Tongue          Conj/Fire      ####.        73%         1    None
j - Sticky Flame          Conj/Fire      ####....     100%        4    ####...
l - Conjure Flame         Conj/Fire      ####....     97%         3    ##.....

Your spell library contained the following spells:

 Spells                   Type           Power        Failure   Level  Hunger
 Magic Dart               Conj           ####         71%         1    None
 Throw Flame              Conj/Fire      ####..       86%         2    None
 Throw Frost              Conj/Ice       ###...       97%         2    None
 Beastly Appendage        Tmut           #.....       99%         1    None
 Confusing Touch          Hex            #.....       99%         1    None
 Freeze                   Ice            #...         99%         1    None
 Blink                    Tloc           N/A          100%        2    None
 Call Imp                 Summ           #.......     100%        2    None
 Poisonous Vapours        Pois/Air       #.....       100%        2    None
 Slow                     Hex            #.......     100%        2    None
 Sticks to Snakes         Tmut           #.......     100%        2    None
 Confuse                  Hex            #.......     100%        3    ##.....
 Gell's Gravitas          Tloc           #.........   100%        3    ##.....
 Inner Flame              Hex/Fire       ###.....     100%        3    ##.....
 Mephitic Cloud           Conj/Pois/Air  ##......     100%        3    ##.....
 Ozocubu's Armour         Chrm/Ice       #.......     100%        3    ##.....
 Spider Form              Tmut/Pois      #.........   100%        3    ##.....
 Ice Form                 Ice/Tmut       #.......     100%        4    ####...
 Petrify                  Tmut/Erth      #.......     100%        4    ####...
 Summon Ice Beast         Ice/Summ       #.......     100%        4    ####...
 Summon Lightning Spire   Summ/Air       #.......     100%        4    ####...
 Throw Icicle             Conj/Ice       ###.....     100%        4    ####...
 Blade Hands              Tmut           #.........   100%        5    #####..
 Bolt of Magma            Conj/Fire/Erth ###.......   100%        5    #####..
 Fireball                 Conj/Fire      ####......   100%        5    #####..
 Iskenderun's Battlesphe  Conj/Chrm      ###.....     100%        5    #####..
 Metabolic Englaciation   Hex/Ice        #.........   100%        5    #####..
 Silence                  Hex/Air        #.........   100%        5    #####..
 Venom Bolt               Conj/Pois      ###.......   100%        5    #####..
 Yara's Violent Unravell  Hex/Tmut       #.........   100%        5    #####..
 Conjure Ball Lightning   Conj/Air       ###.......   100%        6    #######
 Deflect Missiles         Chrm/Air       #.........   100%        6    #######
 Freezing Cloud           Conj/Ice/Air   ##........   100%        6    #######
 Iron Shot                Conj/Erth      ###.......   100%        6    #######
 Orb of Destruction       Conj           ####......   100%        7    #######
 Ring of Flames           Chrm/Fire      ###.......   100%        7    #######
 Spellforged Servitor     Conj/Summ      ###.......   100%        7    #######
 Tornado                  Air            #.........   100%        9    #######


Dungeon Overview and Level Annotations

Branches:
Dungeon (12/15)            Temple (1/1) D:4            Lair (2/6) D:8
    Orc (1/2) D:9
  Swamp: Lair:2-4    Shoals: Lair:2-4     Snake: Lair:2-4    Spider: Lair:2-4

Altars:
Ashenzari
Cheibriados
Dithmenos
Elyvilon
Fedhas
Gozag
Hepliaklqana
Kikubaaqudgha
Makhleb
Nemelex Xobeh
Okawaru
Qazlal
Ru
Sif Muna
Trog
Uskayaw
Vehumet
Wu Jian
Xom
Yredelemnul
Zin
The Shining One

Shops:
D:5 *

Annotations:
Orc:1 1 transporter


Innate Abilities, Weirdness & Mutations

You have claws for feet.
You are mostly covered in large bone plates. (SH +6)
You are significantly more attuned to the shadows.
You are immune to rotting.


Message History

Your demonic ancestry asserts itself...
You feel immune to rotting.
You start resting.
You are feeling very hungry.
Found 25 gold pieces and a scroll of teleportation.
Found 17 stones and a scroll of random uselessness.
Found five items.
You now have 294 gold pieces (gained 25).
You see here 17 stones.
You see here a glowing whip.
l - 5 potions of curing (gained 1)
y - a manual of Ice Magic
e - 4 scrolls of identify (gained 1)
You see here a brightly glowing arbalest.
You see here a scroll of random uselessness.
r - 6 scrolls of teleportation (gained 1)
You start resting.
HP restored.
You eat one of the 23 rations.
That ration really hit the spot!
Are you sure you want to abandon this character and quit the game? (Confirm

####### ##########
#)?...## ##.....#.(.
#..@...###......#...
#.......#.......#...
#.......#.......#...
#...................
#.......#.......#...
#.......#.......#...
#......###......#[..
#)(...## ##.....#...
####### ##########


There were no monsters in sight!

Vanquished Creatures
  A hydra (Lair:1)
  A catoblepas (Lair:2)
  2 two-headed ogres (D:12)
  An unseen horror (D:12)
  4 ugly things
  A manticore (D:11)
  An orc sorcerer (Orc:1)
  3 salamanders (Volcano)
  Maurice (D:9)
  3 ice statues (IceCv)
  A gargoyle (D:10)
  4 spiny frogs
  A komodo dragon (Lair:2)
  A kobold demonologist (D:9)
  2 ice devils (Lair:2)
  A hornet (D:8)
  Prince Ribbit (D:9)
  3 hippogriffs
  2 wraiths
  Sigmund (D:2)
  A shadow (D:12)
  19 yaks
  A human (D:7)
  Grum (D:10)
  3 hogs (D:7)
  A hungry ghost (D:10)
  An acid dragon (D:11)
  6 water moccasins
  3 porcupines
  12 orc warriors
  10 ice beasts
  A black bear (D:10)
  An eye of draining (D:8)
  2 sky beasts (D:11)
  A phantom (D:4)
  6 ogres
  3 centaurs
  7 wolves
  4 crocodiles
  2 big kobolds
  3 wyvern zombies
  13 bullfrogs
  A gnoll sergeant (D:12)
  A water moccasin zombie (D:7)
  6 scorpions
  12 killer bees
  9 wights
  9 howler monkeys
  4 crimson imps
  5 bullfrog zombies
  3 centaur zombies
  8 hounds
  3 jellies (D:12)
  12 orc priests
  16 orc wizards
  3 bullfrog skeletons
  A gnoll shaman (D:6)
  Jessica (D:2)
  3 centaur skeletons
  Crazy Yiuf (D:2)
  Terence (D:2)
  8 worker ants
  2 iguanas
  10 hell rats (Lair:1)
  3 hound skeletons
  6 gnolls
  16 adders
  14 river rats
  A shadow imp (D:5)
  An ooze (D:2)
  An adder zombie (D:8)
  2 adder skeletons
  5 worms
  3 dart slugs
  7 leopard geckos
  55 orcs
  5 ball pythons
  A bat zombie (D:8)
  8 giant cockroaches
  7 goblins
  4 hobgoblins
  13 jackals
  4 quokkas
  10 bats
  3 frilled lizards
  A jackal zombie (D:6)
  15 kobolds
  A quokka zombie (D:9)
  16 rats
  A rat zombie (D:8)
458 creatures vanquished.

Notes
Turn   | Place    | Note
-------+----------+-------------------------------------------
     0 | D:1      | Duffy the Demonspawn Fire Elementalist began the quest for
                  | the Orb.
     0 | D:1      | Reached XP level 1. HP: 13/13 MP: 3/3
   261 | D:1      | Gained mutation: You are slightly more attuned to the
                  | shadows. [demonic ancestry]
   261 | D:1      | Reached XP level 2. HP: 19/19 MP: 1/5
  1100 | D:2      | Reached XP level 3. HP: 24/24 MP: 4/6
  1265 | D:2      | Found a shadowy altar of Dithmenos.
  1296 | D:2      | Noticed Sigmund
  1466 | D:2      | Learned a level 3 spell: Conjure Flame
  1467 | D:2      | Noticed Terence
  1629 | D:2      | Found a runed door.
  1783 | D:2      | Gained mutation: You have sharp toenails. [demonic
                  | ancestry]
  1783 | D:2      | Reached XP level 4. HP: 30/30 MP: 5/7
  1819 | D:2      | Noticed Jessica
  1858 | D:2      | Killed Jessica
  2179 | D:2      | You fall through a shaft for 2 floors!
  2181 | D:4      | Found a staircase to the Ecumenical Temple.
  2190 | Temple   | Entered the Ecumenical Temple
  2263 | Temple   | Became a worshipper of Cheibriados the Contemplative
  2275 | D:4      | Learned a level 4 spell: Sticky Flame
  2340 | D:4      | Noticed an ogre
  2355 | D:4      | Killed an ogre
  2355 | D:4      | Reached XP level 5. HP: 24/40 MP: 8/8
  2830 | D:3      | Reached * piety under Cheibriados
  3093 | D:3      | Gained mutation: You have razor-sharp toenails. [demonic
                  | ancestry]
  3093 | D:3      | Reached XP level 6. HP: 28/48 MP: 0/9
  3397 | D:3      | Reached ** piety under Cheibriados
  3738 | D:2      | Noticed Crazy Yiuf
  3744 | D:2      | Killed Crazy Yiuf
  3744 | D:2      | Reached skill level 1 in Axes
  3845 | D:2      | Killed Terence
  3943 | D:2      | Killed Sigmund
  3943 | D:2      | Reached skill level 2 in Axes
  4366 | D:4      | Gained mutation: You are partially covered in large bone
                  | plates. (SH +4) [demonic ancestry]
  4366 | D:4      | Reached XP level 7. HP: 44/55 MP: 10/10
  4590 | D:4      | Found a shattered altar of Ashenzari.
  4595 | D:4      | Reached skill level 5 in Fighting
  4595 | D:4      | Reached skill level 3 in Axes
  4595 | D:4      | Reached skill level 1 in Shields
  5100 | D:5      | Entered Level 5 of the Dungeon
  5382 | D:5      | Reached *** piety under Cheibriados
  5504 | D:5      | Found a burning altar of Makhleb.
  5504 | D:5      | Noticed a balrug
  5507 | D:5      | Noticed a hellwing
  5507 | D:5      | Noticed a ynoxinul
  5522 | D:5      | Found Jaturani's Lightly-Used Armoury.
  5557 | D:5      | Reached XP level 8. HP: 36/64 MP: 11/11
  5928 | D:6      | Found a hide-covered altar of Uskayaw.
  5978 | D:6      | Reached skill level 4 in Axes
  6509 | D:6      | Reached **** piety under Cheibriados
  6548 | D:6      | Reached skill level 5 in Axes
  6798 | D:7      | Reached skill level 1 in Invocations
  6932 | D:7      | Reached XP level 9. HP: 24/72 MP: 12/12
  7377 | D:7      | Reached ***** piety under Cheibriados
  7393 | D:7      | Reached skill level 6 in Axes
  8131 | D:8      | Reached skill level 5 in Invocations
  8436 | D:8      | Found an ancient bone altar of Kikubaaqudgha.
  8730 | D:8      | Paralysed by a hornet for 3 turns
  9008 | D:8      | Found a staircase to the Lair.
  9196 | D:8      | Found a sacrificial altar of Ru.
  9200 | D:8      | Found an ornate altar of the Wu Jian Council.
  9202 | D:8      | Found a faded altar of an unknown god.
  9204 | D:8      | Found a glowing golden altar of the Shining One.
  9208 | D:8      | Found a shimmering altar of Xom.
  9410 | D:9      | Noticed Prince Ribbit
  9417 | D:9      | Killed Prince Ribbit
  9417 | D:9      | Gained mutation: You are mostly covered in large bone
                  | plates. (SH +6) [demonic ancestry]
  9417 | D:9      | Reached XP level 10. HP: 35/80 MP: 14/14
  9417 | D:9      | Reached skill level 1 in Evocations
  9626 | D:9      | Noticed Maurice
  9669 | D:9      | Killed Maurice
  9669 | D:9      | Reached skill level 7 in Axes
  9849 | D:9      | Reached skill level 5 in Shields
 10620 | D:9      | Found a staircase to the Orcish Mines.
 10976 | D:10     | Entered Level 10 of the Dungeon
 11369 | D:10     | Reached skill level 8 in Axes
 11369 | D:10     | Gained mutation: You are significantly more attuned to the
                  | shadows. [demonic ancestry]
 11369 | D:10     | Reached XP level 11. HP: 76/86 MP: 17/17
 11587 | D:10     | Noticed Grum
 11600 | D:10     | Killed Grum
 11921 | D:10     | You fall through a shaft for 2 floors!
 12060 | D:12     | Noticed a two-headed ogre
 12064 | D:12     | Killed a two-headed ogre
 12064 | D:12     | Reached skill level 5 in Evocations
 12106 | D:12     | Killed an unseen horror
 12258 | D:11     | Reached skill level 5 in Dodging
 12926 | D:11     | Reached ****** piety under Cheibriados
 12957 | D:11     | Noticed a white ugly thing
 12970 | D:11     | Killed a white ugly thing
 12970 | D:11     | Reached skill level 9 in Axes
 13149 | D:11     | Noticed a brown ugly thing
 13160 | D:11     | Killed a brown ugly thing
 13868 | D:12     | Gained mutation: You have claws for feet. [demonic
                  | ancestry]
 13868 | D:12     | Reached XP level 12. HP: 71/92 MP: 18/18
 14039 | D:12     | Noticed a two-headed ogre
 14044 | D:12     | Killed a two-headed ogre
 14044 | D:12     | Reached skill level 1 in Armour
 14210 | D:12     | Reached skill level 10 in Axes
 14927 | Orc:1    | Entered Level 1 of the Orcish Mines
 14946 | Orc:1    | Found a dark tunnel.
 14953 | Volcano  | Entered a volcano
 15299 | Orc:1    | Found a transporter.
 15302 | Orc:1    | Noticed an ettin
 15304 | Orc:1    | Noticed an orc high priest
 15306 | Orc:1    | Noticed a stone giant
 15306 | Orc:1    | Noticed a two-headed ogre
 15306 | Orc:1    | Noticed an orc high priest
 15595 | D:5      | Bought -2 gold dragon scales for 770 gold pieces
 15763 | Lair:1   | Entered Level 1 of the Lair of Beasts
 16225 | Lair:1   | Noticed a four-headed hydra
 16231 | Lair:1   | Killed a one-headed hydra
 16907 | Lair:2   | Noticed a catoblepas
 16913 | Lair:2   | Killed a catoblepas
 17071 | Lair:2   | Found a frozen archway.
 17078 | IceCv    | Entered an ice cave
 17506 | IceCv    | Gained mutation: You are immune to rotting. [demonic
                  | ancestry]
 17506 | IceCv    | Reached XP level 13. HP: 50/101 MP: 19/19
 17683 | IceCv    | Quit the game

Vault maps used:
D:1:      dpeg_arrival_renting
D:2:      nicolae_overflow_hidden_temple, nrook_campfire, uniq_terence,
          uniq_sigmund, uniq_jessica, uniq_crazy_yiuf_cottage
D:3:      first_ration
D:4:      minmay_temple_entry_sparse_star, evilmike_ruin_ashenzari
D:5:      makhleb_altar_promises_db, minmay_shop_damaged, minmay_misc_feat_alley
D:6:      lemuel_round_altar, serial_park_tiny_1
D:7:      grunt_livestock
D:8:      lemuel_zombie_altar_kikubaaqudgha,
          chequers_temple_overflow_minitemple, lair_entry_dummy
D:9:      erik_orc_2, serial_bayou_pond_e, uniq_prince_ribbit1, uniq_maurice
D:10:     uniq_grum
Temple:   cyrus_circular_temple
Lair:1:   lemuel_ratsnest, serial_rivers, chequers_serial_rivers_marsh,
          chequers_serial_rivers_large_a, chequers_serial_rivers_micro_a,
          chequers_serial_rivers_micro_a, chequers_serial_rivers_room_b,
          chequers_serial_rivers_room_b
Lair:2:   spider_nest_entry_a, portal_ice_cave_demonic_guard,
          chequers_serial_rivers_large_b, grunt_megastairs_2
Orc:1:    gammafunk_beogh_shrine, serial_shops, nicolae_shop_window_shopping,
          nicolae_volcano_entry_lava_flow
IceCv:    ice_cave_statue_garden_chambered
Volcano:  volcano_caves

Skill      XL: |  1  2  3  4  5  6  7  8  9 10 11 12 |
---------------+-------------------------------------+-----
Conjurations   | 2 3 |  3.4
Fire Magic     | 3 |  3.2
Fighting       | 2 3 4 5 7 8 9 |  9.0
Axes           | 2 3 5 6 8 9 10 | 10.9
Shields        | 2 4 6 8 9 |  9.8
Dodging        | 2 4 5 |  5.0
Invocations    | 2 6 8 9 |  9.0
Evocations     | 4 6 |  6.0
Armour         | 4 |  4.9
Stealth        | |  1.7
Spellcasting   | |  2.6

Action                   |  1- 3 |  4- 6 |  7- 9 | 10-12 | 13-15 || total
-------------------------+-------+-------+-------+-------+-------++-------
Melee: Dagger            |     6 |    62 |       |       |       ||    68
       Kick              |       |    34 |   195 |   406 |       ||   635
       War axe           |       |    20 |   126 |   439 |       ||   585
       Whip              |       |    28 |   271 |   101 |       ||   400
       Broad axe         |       |       |       |   194 |       ||   194
 Cast: Flame Tongue      |    46 |    52 |       |     5 |       ||   103
       Conjure Flame     |       |     1 |       |       |       ||     1
       Sticky Flame      |       |     1 |       |       |       ||     1
Invok: Slouch            |       |       |       |     5 |       ||     5
 Abil: Evoke Flight      |       |       |       |     1 |       ||     1
Evoke: Wand              |       |       |       |    15 |       ||    15
  Use: Potion            |       |     2 |       |       |       ||     2
       Scroll            |       |     5 |     6 |    13 |       ||    24
 Stab: Sleeping          |     4 |     3 |    16 |     2 |       ||    25
       Paralysed         |       |       |       |     7 |       ||     7
  Eat: Chunk             |     3 |     3 |     8 |    12 |       ||    26
       Ration            |       |     1 |       |     1 |     1 ||     3
Armor: Robe              |     6 |    51 |    13 |       |       ||    70
       Ring mail         |       |       |    48 |    12 |       ||    60
       Chain mail        |       |       |       |   116 |       ||   116
       Gold dragon scale |       |       |       |    49 |       ||    49
Dodge: Dodged            |    17 |   111 |   217 |   248 |       ||   593
Block: Other             |       |       |    13 |       |       ||    13
       Buckler           |       |       |   119 |       |       ||   119
       Shield            |       |       |    29 |   768 |       ||   797

Table legend:
 A = Non-vault XP
 B = Vault XP
 C = Vault XP percentage of total XP
 D = Non-vault monster count
 E = Vault monster count
 F = Vault count percentage of total count
                 A         B        C        D         E       F
            +---------+---------+-------+---------+---------+-------
      Total |   27572 |   11006 |  28.5 |     364 |      94 |  20.5
            +---------+---------+-------+---------+---------+-------
        D:1 |      40 |       0 |   0.0 |      21 |       0 |   0.0
        D:2 |      71 |     329 |  82.2 |      11 |       4 |  26.7
        D:3 |     128 |       0 |   0.0 |      33 |       0 |   0.0
        D:4 |     462 |       0 |   0.0 |      27 |       0 |   0.0
        D:5 |     408 |       0 |   0.0 |      14 |       0 |   0.0
        D:6 |     911 |       0 |   0.0 |      32 |       0 |   0.0
        D:7 |    1007 |     965 |  48.9 |      24 |       5 |  17.2
        D:8 |    1048 |       3 |   0.3 |      13 |       2 |  13.3
        D:9 |    1528 |    1779 |  53.8 |      23 |      23 |  50.0
       D:10 |    4319 |     654 |  13.2 |      41 |       5 |  10.9
       D:11 |    4952 |       0 |   0.0 |      40 |       0 |   0.0
       D:12 |    6683 |       0 |   0.0 |      54 |       0 |   0.0
     Lair:1 |    3311 |     520 |  13.6 |      15 |      37 |  71.2
     Lair:2 |    1797 |    1847 |  50.7 |       9 |       4 |  30.8
      Orc:1 |     907 |       0 |   0.0 |       7 |       0 |   0.0
      IceCv |       0 |    3302 | 100.0 |       0 |      11 | 100.0
    Volcano |       0 |    1607 | 100.0 |       0 |       3 | 100.0
            +---------+---------+-------+---------+---------+-------
